 Dungeon Crawl Stone Soup version 0.30-a0-743-gbfdf073431 (webtiles) character file.

Game seed: 17077341305700592626

2937 Biblin the Cleaver (level 9, 45/124 HPs)
             Began as a Hill Orc Fighter on Feb 5, 2023.
             Quit the game on level 1 of the Abyss on Feb 6, 2023.
             The game lasted 00:13:05 (6368 turns).

Biblin the Cleaver (Hill Orc Fighter)               Turns: 6368, Time: 00:13:06

Health: 45/124     AC: 24    Str: 22 (23) XL:     9   Next: 80%
Magic:  9/9        EV:  2    Int:  5 (8)  God:
Gold:   362        SH: 10    Dex: 14 (16) Spells: 8/8 levels left

rFire   . . .      SeeInvis .    a - +0 war axe (vamp)
rCold   . . .      Faith    .    x - +0 kite shield
rNeg    . . .      Spirit   .    (body armour currently unavailable)
rPois   +          Reflect  .    (helmet currently unavailable)
rElec   .          Harm     .    (cloak currently unavailable)
rCorr   .          Rampage  .    (gloves currently unavailable)
Will    .....      NoTele   +    (boots currently unavailable)
Stlth   +                        (no amulet)
HPRegen 0.40/turn                u - +6 ring of dexterity
MPRegen 0.11/turn                (no ring)

@: brilliant, tree-form, invisible
A: stationary, stasis, torment immunity, boosted hp
a: no special abilities


You were on level 1 of the Abyss.
You were a tree.
You visited 1 branch of the dungeon, and saw 7 of its levels.
You visited the Abyss 1 time.

You collected 362 gold pieces.

Inventory:

Hand Weapons
 a - a +0 vampiric war axe (weapon)
 q - a +1 hand axe of flaming
 r - a +0 dagger of venom
Armour
 b - a +0 pair of gloves (melded)
 c - a +2 chain mail of positive energy (melded)
 d - a +0 plate armour
 p - a +2 helmet (melded)
 s - a +2 ring mail of fire resistance
 v - a +2 pair of boots (melded)
 x - a +0 kite shield (worn)
 y - +0 steam dragon scales
Jewellery
 m - an amulet of regeneration
 u - a +6 ring of dexterity (left branch)
Wands
 e - a wand of flame (9)
 t - a wand of polymorph (3)
 A - a wand of mindburst (10)
 B - a wand of roots (2)
Scrolls
 w - a scroll of amnesia
 C - 2 scrolls of identify
Potions
 f - 3 potions of curing
 g - 4 potions of heal wounds
 h - 3 potions of mutation
 l - 2 potions of brilliance
 n - a potion of flight
 o - 4 potions of ambrosia
 z - a potion of might


   Skills:
 * Level 9.3 Fighting
 * Level 11.9 Axes
 * Level 8.7 Armour
 + Level 3.2 Dodging
 * Level 8.2 Shields
 + Level 0.5 Unarmed Combat


You had 8 spell levels left.
You didn't know any spells.
Your spell library was empty.

Dungeon Overview and Level Annotations

Branches:
Dungeon (7/15)
 Temple: D:4-7

Altars:
Ashenzari
Gozag
Kikubaaqudgha
Makhleb
Ru
Yredelemnul

Shops:
D:2 (   D:4 !   D:5 :

Annotations:
D:7 Maggie


Message History

Your Dodging skill gained 3 levels and is now at level 3!
Your Shields skill gained 3 levels and is now at level 8!
You have reached level 9!
Your experience leads to an increase in your attributes!
Your base attributes are Str 21, Int 8, Dex 10.
Increase (S)trength, (I)ntelligence, or (D)exterity?
You feel stronger. x2
Maggie hits you but does no damage.
It was a potion of degeneration.
There was something very wrong with that liquid.
You feel weakened.
You feel dopey.
You feel clumsy. You block Maggie's attack.
It was a potion of invisibility.
You fade into invisibility!
You block Maggie's attack.
You cannot move.
You cannot move.
You feel better.
Maggie hits you with a +0 scimitar of distortion!
Space warps horribly around you!!
You cannot move.
You cannot move.
You block Maggie's attack. Maggie hits you but does no damage.
You break out of your daze.
You block Maggie's attack.
You cannot move.
Maggie mumbles some strange words.
Maggie hits you but does no damage. Space warps around you.
Okay, then.
You block Maggie's attack. You block Maggie's attack.
You block Maggie's attack.
Maggie hits you with a +0 scimitar of distortion!
You are cast into the Abyss!
This branch contains the abyssal rune of Zot.
Saving game... please wait.
Welcome back, Biblin the Hill Orc Fighter.
Press ? for a list of commands and other information.
Are you sure you want to abandon this character and quit the game? (Confirm with "yes".)

#. ... ....
. # ##.....
....#.##...#
.......♣.#
.......###
.....## ....
..# .


There were no monsters in sight!

Vanquished Creatures
  A steam dragon (D:7)
  A water moccasin (D:6)
  An orc warrior (D:4)
  A black bear (D:5)
  An ice beast (D:6)
  An ogre (D:5)
  A centaur (D:6)
  A necrophage (D:4)
  A scorpion (D:5)
  4 jellies
  5 hounds
  An orc priest (D:4)
  2 iguanas
  3 orc wizards
  Robin (D:3)
  6 adders
  4 gnolls
  A white imp (D:5)
  An ufetubus (D:5)
  3 worms (D:3)
  2 dart slugs
  18 orcs
  8 bats
  3 endoplasms
  5 giant cockroaches
  14 goblins
  7 hobgoblins
  19 jackals
  3 quokkas
  11 ball pythons
  3 frilled lizards
  6 kobolds
  7 rats
146 creatures vanquished.

Vanquished Creatures (others)
  8 withered plants (D:4)
8 creatures vanquished.

Grand Total: 154 creatures vanquished

Notes
Turn   | Place    | Note
-------+----------+-------------------------------------------
     0 | D:1      | Biblin the Hill Orc Fighter began the quest for the Orb.
     0 | D:1      | Reached XP level 1. HP: 19/19 MP: 1/1
   129 | D:1      | Reached XP level 2. HP: 25/27 MP: 2/2
   537 | D:1      | Reached skill level 3 in Axes
   624 | D:1      | Reached XP level 3. HP: 33/33 MP: 3/3
  1025 | D:2      | Found Jeadyl's Antique Weapon Shop.
  1497 | D:2      | Reached XP level 4. HP: 40/40 MP: 4/4
  2139 | D:3      | Reached skill level 4 in Axes
  2287 | D:3      | Noticed Robin
  2307 | D:3      | Killed Robin
  2308 | D:3      | Reached XP level 5. HP: 47/47 MP: 5/5
  2496 | D:3      | Found a burning altar of Makhleb.
  2496 | D:3      | Noticed a balrug
  2817 | D:4      | Found Videlops's Distillery.
  2852 | D:4      | Reached skill level 5 in Axes
  2875 | D:4      | Found an opulent altar of Gozag.
  2960 | D:4      | Reached XP level 6. HP: 53/53 MP: 6/6
  3304 | D:4      | Noticed an orc warrior
  3641 | D:4      | Killed an orc warrior
  3642 | D:4      | Reached skill level 5 in Fighting
  3642 | D:4      | Reached skill level 6 in Axes
  3789 | D:4      | Found an ancient bone altar of Kikubaaqudgha.
  3899 | D:4      | Reached skill level 5 in Armour
  3899 | D:4      | Reached XP level 7. HP: 61/61 MP: 7/7
  4198 | D:5      | Entered Level 5 of the Dungeon
  4402 | D:5      | Reached skill level 7 in Axes
  4550 | D:5      | Found Koiweevu's Book Shop.
  4954 | D:5      | Reached skill level 8 in Axes
  4954 | D:5      | Reached XP level 8. HP: 69/70 MP: 8/8
  5219 | D:6      | Found a sacrificial altar of Ru.
  5256 | D:6      | Reached skill level 5 in Shields
  5326 | D:6      | Reached skill level 9 in Axes
  6123 | D:7      | Found a basalt altar of Yredelemnul.
  6171 | D:7      | Found a broken altar of Ashenzari.
  6322 | D:7      | Noticed Maggie
  6332 | D:7      | Paralysed by Maggie for 2 turns
  6347 | D:7      | Paralysed by Maggie for 4 turns
  6355 | D:7      | Reached skill level 11 in Axes
  6355 | D:7      | Reached XP level 9. HP: 73/83 MP: 9/9
  6367 | Abyss:1  | Cast into level 1 of the Abyss (Maggie)
  6368 | Abyss:1  | Quit the game

Illustrated notes

Levels and vault maps discovered:
D:1:      spicycebolla_arrival_ecumenical, layout_basic
D:2:      layout_basic, serial_shops, nicolae_shop_waterfront,
          hangedman_decor_riveting
D:3:      kb_forest_paths, layout_basic, makhleb_altar_promises_db, uniq_robin
D:4:      layout_loops_corners, overflow_temple_1_default,
          kiku_gazebo_garden_becter, serial_shops, nicolae_shop_trees,
          amcnicky_mini_rare_corridor_liquid,
          hangedman_abyss_or_decor_lesser_grid, minmay_crystal_room
D:5:      layout_basic, serial_shops, nicolae_shop_statue_plus
D:6:      layout_basic, nicolae_ru_awakened_eye
D:7:      layout_cave_pods, evilmike_ruin_ashenzari, general_overflow_altar,
          minmay_temple_entry_nine_rooms, enter_bailey_5, grunt_livestock,
          uniq_prince_ribbit1, uniq_maggie
Abyss:1:  base: Temple, evilmike_abyss_exit_15

Skill      XL: |  1  2  3  4  5  6  7  8 |
---------------+-------------------------+-----
Fighting       | 4 5 9 |  9.3
Axes           | 3 4 5 6 8 11 | 11.9
Armour         | 4 5 8 |  8.7
Shields        | 4 8 |  8.2
Dodging        | 3 |  3.2
Unarmed Combat | |  0.5

Action                     |  1- 3 |  4- 6 |  7- 9 || total
---------------------------+-------+-------+-------++-------
  Melee: War axe           |    98 |   200 |   155 ||   453
         Unarmed           |       |    15 |       ||    15
    Use: Scroll            |     4 |     6 |     6 ||    16
         Potion            |       |     3 |     9 ||    12
 Armour: Scale mail        |    68 |    15 |       ||    83
         Chain mail        |       |    91 |   115 ||   206
         Skin              |       |     1 |     5 ||     6
         Plate armour      |       |    13 |    10 ||    23
  Dodge: Dodged            |    87 |    95 |    39 ||   221
  Block: Buckler           |    32 |    35 |     1 ||    68
         Kite shield       |       |       |    90 ||    90

Table legend: (Time is in decaauts)
 A = Elapsed time spent in this place.
 B = Non-inter-level travel time spent in this place.
 C = Inter-level travel time spent in this place.
 D = Time resting spent in this place.
 E = Time spent auto-exploring this place.
 F = Levels seen in this place.
 G = Mean time per level.
                   A        B        C        D        E       F      G
               +--------+--------+--------+--------+--------+-----+--------+
         Total |   6484 |   6219 |    265 |    564 |   4305 |   8 |  810.5 |
       Dungeon |   6484 |   6219 |    265 |    564 |   4305 |   7 |  926.3 |
         Abyss |      0 |      0 |      0 |      0 |      0 |   1 |    0.0 |
               +--------+--------+--------+--------+--------+-----+--------+

Top non-repeatable levels by time:
     D:4: 1375 daAuts
     D:2: 1180 daAuts
     D:6: 1033 daAuts
     D:5: 925 daAuts
     D:1: 906 daAuts
     D:3: 816 daAuts
     D:7: 246 daAuts
 Abyss:1: 0 daAuts
